 Dungeon Crawl Stone Soup version 0.32-a0-473-gd044c6f0f0 (console) character file.

Game seed: 2458117215028891800

9735 zaya the Fighter (level 11, -5/104 HPs)
             Began as a Mummy Wanderer on Feb 25, 2024.
             Was an Elder of Ashenzari.
             Slain by a skeletal warrior
             ... wielding a +0 battleaxe
              (7 damage)
             ... on level 8 of the Dungeon.
             The game lasted 00:23:35 (8578 turns).

zaya the Fighter (Mummy Wanderer)                   Turns: 8578, Time: 00:23:35

Health: -5/104     AC: 23    Str: 19    XL:     11   Next: 26%
Magic:  23/23      EV: 12    Int: 15    God:    Ashenzari [****..]
Gold:   219        SH:  0    Dex: 23    Spells: 22/26 levels left

rFire   . . .        C - +2 scimitar (flame)
rCold   + + .        (no shield)
rNeg    + + +        k - +8 chain mail "Overhang to Understand" {Dex+6 Stlth+, Melee, Self} (curse)
rPois   ∞            j - +2 helmet of Ashenzari's Portent {Self, Fort} (curse)
rElec   .            e - scarf of Desmomancy {rC+ rF+, Dex+2, Self, Cun} (curse)
rCorr   .            b - +0 pair of gloves of Apeoromancy {Elem, Dev} (curse)
SInv    +            l - +0 pair of boots "Eternal Visionary" {Melee, Dev} (curse)
Will    +....        (no amulet) Stlth
                     m - ring of the Clairvoyant Stars {Str+6, Self, Sorc} (curse)
HPRegen 0.37/turn    (no ring)
MPRegen 0.18/turn

%: clarity, faith
@: no status effects
A: cold resistance 1, negative energy resistance 3, torment resistance 2, heat
vulnerability 1, in touch with death 1, no potions, faith
a: Renounce Religion, Shatter the Chains


You were on level 8 of the Dungeon.
You worshipped Ashenzari.
Ashenzari was greatly pleased with you.
You visited 1 branch of the dungeon, and saw 8 of its levels.
You also visited: Ossuary and Bailey.

You collected 477 gold pieces.
You spent 258 gold pieces at shops.

Inventory:

Hand Weapons
 C - a +2 scimitar of flaming (weapon)
Missiles
 c - a curare-tipped dart
 B - 18 poisoned darts (quivered)
Armour
 b - the cursed +0 pair of gloves of Apeoromancy (worn) {Elem, Dev}

   It has a curse which improves the following skills: Elements: Fire Magic, Ice
   Magic, Air Magic and Earth Magic.
   Devices:   Evocations.
 e - the cursed scarf of Desmomancy (worn) {rC+ rF+, Dex+2, Self, Cun}
   (You acquired it on level 5 of the Dungeon)

   Dex+2:     It affects your dexterity (+2).
   It has a curse which improves the following skills: Introspection: Fighting
   and Spellcasting.
   Cunning:   Dodging and Stealth.
 j - the cursed +2 helmet of Ashenzari's Portent (worn) {Self, Fort}
   (You found it on level 3 of the Dungeon)

   It has a curse which improves the following skills: Introspection: Fighting
   and Spellcasting.
   Fortitude: Armour and Shields.
 k - the cursed +8 chain mail "Overhang to Understand" (worn) {Dex+6 Stlth+, Melee, Self}
   (You found it on level 3 of the Dungeon)

   Dex+6:     It affects your dexterity (+6).
   Stlth+:    It makes you more stealthy.
   It has a curse which improves the following skills: Melee Combat: Short
   Blades, Long Blades, Axes, Maces & Flails, Polearms, Staves and Unarmed
   Combat.
   Introspection: Fighting and Spellcasting.
 l - the cursed +0 pair of boots "Eternal Visionary" (worn) {Melee, Dev}
   (You found it on level 5 of the Dungeon)

   It has a curse which improves the following skills: Melee Combat: Short
   Blades, Long Blades, Axes, Maces & Flails, Polearms, Staves and Unarmed
   Combat.
   Devices:   Evocations.
Jewellery
 a - an amulet of magic regeneration
 m - the cursed ring of the Clairvoyant Stars (left hand) {Str+6, Self, Sorc}
   (You found it on level 5 of the Dungeon)

   [ring of strength]

   Str+6:     It affects your strength (+6).
   It has a curse which improves the following skills: Introspection: Fighting
   and Spellcasting.
   Sorcery:   Conjurations and Alchemy.
 w - the ring "Cousade" {Wiz *Corrode rF+ Int+5}
   (You found it in a bailey)

   [ring of wizardry]

   Wiz:       It improves your spell success rate.
   Int+5:     It affects your intelligence (+5).
   rF+:       It protects you from fire.
   *Corrode:  It may corrode you when you take damage.
Wands
 d - a wand of flame (43)
 o - a wand of polymorph (7)
 x - a wand of mindburst (11)
 z - a wand of charming (15)
Scrolls
 f - 2 scrolls of enchant armour
 g - 6 scrolls of teleportation
 h - a scroll of fog
 i - 4 scrolls of noise
 n - 4 scrolls of enchant weapon
 p - a scroll of fear
 q - 2 scrolls of blinking
 r - a scroll of silence
 s - a scroll of brand weapon
 t - a scroll of vulnerability
 u - 2 scrolls of amnesia
 v - a scroll of summoning
 y - a scroll of torment
Miscellaneous
 A - a lightning rod (4/4)


   Skills:
 + Level 11.6(15.9) Fighting
 + Level 7.6(10.4) Long Blades
 - Level 1.5(3.3) Staves
 + Level 3.0 Throwing
 - Level 4.0(5.7) Armour
 - Level 5.0(6.8) Dodging
 - Level 4.1(8.0) Spellcasting
 - Level 2.7(4.3) Ice Magic
 + Level 2.4(4.6) Evocations


You had 22 spell levels left.
You knew the following spells:

 Your Spells              Type           Power      Damage    Failure   Level
a - Freeze                Ice            72%        1d8       16%         1
b - Frozen Ramparts       Ice            36%        1d6       43%         3

Your spell library contained the following spells:

 Spells                   Type           Power      Damage    Failure   Level
 Ozocubu's Armour         Ice            18%        N/A       43%         3
 Foxfire                  Conj/Fire      24%        2x1d5     63%         1
 Mercury Vapours          Alch/Air       12%        N/A       77%         2
 Jinxbite                 Hex            12%        N/A       80%         2
 Mephitic Cloud           Conj/Alch/Air  6%         N/A       94%         3
 Fugue of the Fallen      Necr           9%         N/A       95%         3
 Anguish                  Hex/Necr       4%         N/A       100%        4
 Cause Fear               Hex            3%         N/A       100%        4
 Manifold Assault         Tloc           6%         N/A       100%        4
 Freezing Cloud           Conj/Ice/Air   5%         6-21      100%        5
 Yara's Violent Unravell  Hex/Alch       3%         3d4       100%        5
 Plasma Beam              Fire/Air       3%         2x1d13    100%        6
 Starburst                Conj/Fire      3%         6d3       100%        6
 Enfeeble                 Hex            3%         N/A       100%        7


Dungeon Overview and Level Annotations

Branches:
Dungeon (8/15)             Temple (0/1) D:5         Ossuary (visited)
 Bailey (visited)
   Lair: D:8-11

Altars:
Ashenzari
Cheibriados
Makhleb
Qazlal
Ru
Sif Muna
Uskayaw

Shops:
D:6 *??


Innate Abilities, Weirdness & Mutations

You are immune to poison.
Your flesh is cold resistant. (rC+)
You are immune to negative energy. (rN+++)
You are immune to unholy pain and torment.
You are vulnerable to heat. (rF-)
You are in touch with the powers of death.
You do not drink.
You have a special connection with the divine. (Faith)


Message History

The skeletal warrior hits you but does no damage.
You hit the skeletal warrior. You burn the skeletal warrior.
The skeletal warrior is moderately damaged.
The skeletal warrior hits you with a +0 battleaxe!!
You closely miss the skeletal warrior.
The skeletal warrior is moderately damaged.
The skeletal warrior closely misses you.
You hit the skeletal warrior. You burn the skeletal warrior.
The skeletal warrior is moderately damaged.
The skeletal warrior hits you with a +0 battleaxe.
You slash the skeletal warrior! You burn the skeletal warrior.
The skeletal warrior is heavily damaged.
The skeletal warrior hits you but does no damage.
You hit the skeletal warrior but do no damage.
The skeletal warrior is heavily damaged.
The skeletal warrior hits you with a +0 battleaxe!
You slash the skeletal warrior! You burn the skeletal warrior.
The skeletal warrior is almost destroyed.
The skeletal warrior hits you with a +0 battleaxe!
You closely miss the skeletal warrior.
The skeletal warrior is almost destroyed.
You hit the skeletal warrior. You burn the skeletal warrior.
The skeletal warrior is almost destroyed.
The skeletal warrior hits you with a +0 battleaxe!
* * * LOW HITPOINT WARNING * * *
You hit the skeletal warrior but do no damage.
The skeletal warrior is almost destroyed.
The skeletal warrior hits you with a +0 battleaxe!!
* * * LOW HITPOINT WARNING * * *
You hit the skeletal warrior but do no damage.
The skeletal warrior is almost destroyed.
The skeletal warrior hits you with a +0 battleaxe!
* * * LOW HITPOINT WARNING * * *
You closely miss the skeletal warrior.
The skeletal warrior is almost destroyed.
The skeletal warrior barely misses you.
You hit the skeletal warrior. You burn the skeletal warrior.
The skeletal warrior is almost destroyed.
The skeletal warrior hits you with a +0 battleaxe!
You die...

#..........##.#.........#|.....
#.............######....######)
#...........#..................
#...........######.............
#######'#'#.##...............#.
#.#...##.###.#######.#.#.
#.#.####.#...........#.#.
#.#....#z#....######.#.#.
#.####.#@####### #.#.#.
#.#............# #.#.#.
#....#.#.#####.# #.#.#.
#.........# *,* #.#.##
##.###.##.# *,* #.#.#
###*####.# *,* #.#.# **{*{*{#.#
*,* *,#.## **~~~~~~#.# *,*
*,#... *_,,,,,,+.# *,* *,####


You could see a skeletal warrior.

Vanquished Creatures
  2 hydras (D:8)
  A catoblepas (D:8)
  An orc knight (Bailey)
  A cyclops (D:8)
  A meliai (D:8)
  Joseph (D:8)
  Maggie (D:7)
  Jeremiah (D:8)
  An efreet (D:8)
  Sigmund (D:2)
  Eustachio (D:4)
  A basilisk (D:7)
  A steam dragon (D:8)
  Grum (D:8)
  A vampire mosquito (D:8)
  A water moccasin (D:7)
  Duvessa (D:7)
  A sky beast (D:6)
  A black bear (D:6)
  7 orc warriors
  2 ice beasts
  9 ogres
  2 wolves (D:8)
  2 centaurs
  4 phantoms
  4 lemures
  4 kobold brigands (D:7)
  2 bullfrogs (D:6)
  A gnoll sergeant (D:6)
  A scorpion (D:7)
  4 water moccasin zombies (Ossuary)
  Dowan (D:6)
  A burial acolyte (Ossuary)
  3 killer bees (D:8)
  2 bombardier beetles (D:4)
  4 hounds
  4 jellies
  5 gnoll boudas (D:7)
  3 orc priests
  4 iguanas
  3 orc wizards
  2 crocodile zombies (Ossuary)
  2 mummies (Ossuary)
  11 adders
  15 gnolls
  2 shadow imps
  A white imp (D:7)
  9 adder zombies (Ossuary)
  2 dart slugs
  A ribbon worm (D:2)
  28 orcs
  6 ball pythons
  A bat (D:3)
  9 endoplasms
  2 giant cockroaches
  7 gnoll zombies (Ossuary)
  10 goblins
  13 hobgoblins
  16 kobolds
  4 quokkas
  A frilled lizard (D:3)
  2 jackal zombies (Ossuary)
  6 orc zombies (Ossuary)
  6 rats
248 creatures vanquished.

Vanquished Creatures (others)
  A butterfly (D:3)
1 creature vanquished.

Grand Total: 249 creatures vanquished

Notes
Turn   | Place    | Note
-------+----------+-------------------------------------------
     0 | D:1      | zaya the Mummy Wanderer began the quest for the Orb.
     0 | D:1      | zaya set off with the following items: a +2 quarterstaff, a
                  | +0 pair of gloves, a scroll of fear, a +0 robe; and the
                  | following spell memorised: Freeze; and the following spells
                  | available to memorise: Frozen Ramparts.
     0 | D:1      | Reached XP level 1. HP: 16/16 MP: 2/2
   307 | D:1      | Reached XP level 2. HP: 22/22 MP: 5/5
   375 | D:2      | Found a broken altar of Ashenzari.
   386 | D:2      | Became a worshipper of Ashenzari the Shackled
   722 | D:2      | Reached XP level 3. HP: 27/27 MP: 7/7
   729 | D:2      | Learned a level 3 spell: Frozen Ramparts
   965 | D:3      | Reached XP level 4. HP: 30/33 MP: 3/9
  1139 | D:3      | Identified the +8 chain mail of Dyoda {Dex+6 Stlth+}
  1168 | D:3      | Identified the +0 ring mail of Okawaru's Envy {+Inv}
  1324 | D:3      | Noticed Sigmund
  1430 | D:3      | Found a faded altar of an unknown god.
  1506 | D:3      | Reached XP level 5. HP: 38/38 MP: 11/11
  1530 | D:3      | Found a shimmering blue altar of Sif Muna.
  1764 | D:4      | Identified the +3 long sword "Acuifuiq" {venom, *Noise
                  | Str+4 Int+3}
  2292 | D:4      | Reached skill level 3 in Fighting
  2292 | D:4      | Reached XP level 6. HP: 41/47 MP: 12/12
  2500 | D:5      | Entered Level 5 of the Dungeon
  2548 | D:5      | Reached * piety under Ashenzari
  2560 | D:5      | Identified a scroll of acquirement
  2601 | D:5      | Acquired the scarf of Syndicalism {rC+ rF+, Dex+2}
  2669 | D:5      | Reached XP level 7. HP: 51/55 MP: 14/14
  2674 | D:5      | Reached skill level 4 in Fighting
  2752 | D:5      | Noticed Eustachio
  2813 | D:4      | Killed Eustachio
  2814 | D:4      | Reached skill level 1 in Long Blades
  2855 | D:5      | Found a staircase to the Ecumenical Temple.
  2980 | D:5      | Reached skill level 5 in Fighting
  2980 | D:5      | Reached XP level 8. HP: 52/64 MP: 15/15
  3255 | D:5      | Found a snail-covered altar of Cheibriados.
  3265 | D:5      | Found a hide-covered altar of Uskayaw.
  3270 | D:5      | Found a sacrificial altar of Ru.
  3360 | D:5      | Found a burning altar of Makhleb.
  3360 | D:5      | Noticed an Executioner
  3363 | D:5      | Noticed a smoke demon
  3435 | D:5      | Reached ** piety under Ashenzari
  3507 | D:6      | Found Fuzot's Magic Scroll Shoppe.
  3509 | D:6      | Identified the +2 rapier "Jilacrisch" {chaos, +Blink rC+}
  3511 | D:6      | Identified the +0 leather armour of the Beginning {rC-
                  | Will++ Int+3}
  3579 | D:6      | Found Aliatyt's Magic Scroll Boutique.
  3596 | D:6      | Reached skill level 6 in Fighting
  3665 | D:6      | Found a sand-covered staircase.
  3670 | Ossuary  | Entered an ossuary
  3858 | Ossuary  | Reached skill level 7 in Fighting
  3976 | Ossuary  | Reached XP level 9. HP: 76/76 MP: 17/17
  4111 | D:6      | Bought a scroll of brand weapon for 123 gold pieces
  4111 | D:6      | Bought a scroll of vulnerability for 52 gold pieces
  4111 | D:6      | Bought a scroll of teleportation for 39 gold pieces
  4146 | D:6      | Bought a scroll of amnesia for 44 gold pieces
  4329 | D:6      | Found Ymoalimu's Assorted Antiques.
  4370 | D:7      | Noticed Dowan
  4391 | D:7      | Noticed Duvessa
  4406 | D:7      | Killed Duvessa
  4602 | D:6      | Reached skill level 5 in Dodging
  4636 | D:7      | Found a stormy altar of Qazlal.
  4642 | D:7      | Found a flagged portal.
  4661 | Bailey   | Entered a bailey
  4666 | Bailey   | Noticed an orc warlord
  4666 | Bailey   | Identified the +0 mace of Ycvergh {freeze, Int+2 Stlth+}
  4666 | Bailey   | Identified the ring "Cousade" {Wiz *Corrode rF+ Int+5}
  4719 | Bailey   | Reached skill level 8 in Fighting
  4747 | Bailey   | Noticed an orc knight
  4768 | Bailey   | Killed an orc knight
  4951 | Bailey   | Found a runed translucent gate.
  4960 | Bailey   | Found a runed translucent gate.
  4961 | Bailey   | Found a runed translucent gate.
  4988 | Bailey   | Reached *** piety under Ashenzari
  5059 | Bailey   | an orc warlord changed into an azure jelly
  5059 | Bailey   | Noticed an azure jelly
  5130 | Bailey   | Reached skill level 9 in Fighting
  5362 | Bailey   | Identified Sif Muna's Parchment of the Boggart
  5362 | Bailey   | Identified Sif Muna's Dissertation on the Deep Freeze
  5362 | Bailey   | Identified Sif Muna's Spellbook of Air
  5413 | D:7      | Noticed Pikel
  5436 | D:6      | Killed Dowan
  5586 | D:7      | Pikel changed into Pikel the basilisk
  5586 | D:7      | Noticed Pikel
  5595 | D:7      | Killed Pikel the basilisk
  5596 | D:7      | Reached XP level 10. HP: 82/92 MP: 21/21
  5752 | D:7      | Reached skill level 5 in Long Blades
  5868 | D:7      | Noticed Maggie
  5884 | D:7      | Killed Maggie
  6185 | D:7      | Reached skill level 10 in Fighting
  6225 | D:7      | Reached **** piety under Ashenzari
  6673 | D:2      | Killed Sigmund
  6820 | D:8      | Noticed a meliai
  6829 | D:8      | Killed a meliai
  6953 | D:8      | Noticed Grum
  6967 | D:8      | Noticed Jeremiah
  6972 | D:8      | Killed Grum
  6999 | D:8      | Killed Jeremiah
  7000 | D:8      | Reached skill level 11 in Fighting
  7175 | D:8      | Noticed a catoblepas
  7212 | D:8      | Killed a catoblepas
  7213 | D:8      | Reached skill level 1 in Throwing
  7385 | D:8      | Noticed an eight-headed hydra
  7399 | D:8      | Killed a one-headed hydra
  7400 | D:8      | Reached XP level 11. HP: 45/103 MP: 23/23
  7710 | D:8      | Noticed Joseph
  7726 | D:8      | Killed Joseph
  7959 | D:8      | Noticed a centaur warrior
  7966 | D:8      | Noticed a five-headed hydra
  8160 | D:8      | Killed a one-headed hydra
  8182 | D:8      | Identified the staff "Tarrad" {Str+4 Int-4 Stlth+ Earth
                  | Alchemy}
  8528 | D:8      | Noticed a skeletal warrior
  8528 | D:8      | Identified the ring of Muiw {rPois MP+9 Int-3 Slay+3}
  8576 | D:8      | HP: 1/104 [skeletal warrior/+0 battleaxe (7)]
  8578 | D:8      | Slain by a skeletal warrior

Illustrated notes

Levels and vault maps discovered:
D:1:      hellmonk_arrival_library, layout_basic
D:2:      layout_rooms, basic_altar
D:3:      layout_basic, nicolae_elyvilon_peaceful_grove,
          nicolae_sif_muna_little_library,
          hellmonk_ecumenical_altar_heavens_door, minmay_liquid_box,
          guppyfry_early_orc_mine, uniq_sigmund
D:4:      layout_basic, mainiacjoe_overflow_chevrons, kennysheep_small_square
D:5:      layout_basic, makhleb_altar_promises_db, minitemple,
          minmay_temple_entry_sparse_star, nicolae_elevator_lobby_asterisk,
          uniq_eustachio
D:6:      layout_gridville, serial_shops, shop, nicolae_shop_back_alley_shop,
          shop, enter_ossuary_5
D:7:      kennysheep_seaside_town, layout_cave_pools,
          nicolae_qazlal_general_emergency, enter_bailey_2, uniq_maggie,
          uniq_pikel, uniq_duvessa
D:8:      minmay_cut_squares, layout_basic, okawaru_altar_gauntlet_db,
          uniq_jeremiah, uniq_joseph, uniq_grum

Skill      XL: |  1  2  3  4  5  6  7  8  9 10 11 |
---------------+----------------------------------+-----
Spellcasting   | 2 3 4 |  4.1
Ice Magic      | 2 |  2.7
Armour         | 2 3 4 |  4.0
Fighting       | 3 5 7 9 11 | 11.6
Evocations     | 2 |  2.4
Long Blades    | 2 4 7 |  7.6
Dodging        | 4 5 |  5.0
Throwing       | 1 3 |  3.0
Staves         | |  1.5

Action                     |  1- 3 |  4- 6 |  7- 9 | 10-12 || total
---------------------------+-------+-------+-------+-------++-------
  Melee: Quarterstaff      |    83 |    78 |       |       ||   161
         Long sword        |       |    59 |   449 |    19 ||   527
         Scimitar          |       |       |       |   237 ||   237
  Throw: Dart              |       |       |       |     1 ||     1
   Cast: Freeze            |     2 |     4 |       |       ||     6
         Frozen Ramparts   |     1 |       |       |       ||     1
 Invoke: Curse Item        |       |     2 |     3 |     1 ||     6
  Evoke: Wand              |       |       |     2 |     3 ||     5
    Use: Scroll            |       |     7 |     3 |     1 ||    11
 Armour: Robe              |    39 |    19 |       |       ||    58
         Chain mail        |       |    91 |   499 |   258 ||   848
  Dodge: Dodged            |    50 |    70 |   383 |   168 ||   671

Table legend: (Time is in decaauts)
 A = Elapsed time spent in this place.
 B = Non-inter-level travel time spent in this place.
 C = Inter-level travel time spent in this place.
 D = Time resting spent in this place.
 E = Time spent auto-exploring this place.
 F = Levels seen in this place.
 G = Mean time per level.
                   A        B        C        D        E       F      G
               +--------+--------+--------+--------+--------+-----+--------+
         Total |   8751 |   8460 |    291 |   2089 |   3839 |  10 |  875.1 |
       Dungeon |   7580 |   7289 |    291 |   1619 |   3645 |   8 |  947.5 |
       Ossuary |    443 |    443 |      0 |    130 |     64 |   1 |  443.0 |
        Bailey |    727 |    727 |      0 |    340 |    130 |   1 |  727.0 |
               +--------+--------+--------+--------+--------+-----+--------+

Top non-repeatable levels by time:
     D:7: 1648 daAuts
     D:8: 1461 daAuts
     D:5: 1006 daAuts
     D:4: 905 daAuts
     D:3: 800 daAuts
     D:6: 788 daAuts
  Bailey: 727 daAuts
     D:2: 590 daAuts
 Ossuary: 443 daAuts
     D:1: 379 daAuts
